 Dungeon Crawl Stone Soup version 0.31-a0-865-g3d5d91748a (webtiles) character file.

Game seed: 3118704874485150508

111 ytrimaz the Sneak (level 4, 0/42 HPs)
             Began as an Octopode Shapeshifter on Oct 10, 2023.
             Slain by a gnoll
             ... wielding a +0 whip
              (3 damage)
             ... on level 3 of the Dungeon.
             The game lasted 00:02:11 (1783 turns).

ytrimaz the Sneak (Octopode Shapeshifter)           Turns: 1783, Time: 00:02:11

Health: 0/42       AC: 22    Str: 13    XL:     4   Next: 92%
Magic:  4/4        EV:  2    Int: 12    God:
Gold:   75         SH:  0    Dex: 13    Spells: 3/3 levels left

rFire   . .          .
                       - Unarmed
rCold   . . .        (no shield)
rNeg    . . .        (helmet currently unavailable)
rPois   +            (no amulet)
rElec   .            (no ring)
rCorr   .            (no ring)
SInv    .            (no ring)
Will    .....        (no ring)
Stlth   +++          (no ring)
HPRegen 0.27/turn    (no ring)
MPRegen 0.09/turn    (no ring)
                     (no ring)

%: no passive effects
@: tree-form
A: stationary, stasis, torment immunity, boosted hp, almost no armour,
(amphibious), 8 rings, (camouflage 1), (gelatinous body 1), (nimble swimmer 1),
(tentacles)
a: no special abilities


You were on level 3 of the Dungeon.
You were a tree.
You visited 1 branch of the dungeon, and saw 3 of its levels.

You collected 75 gold pieces.


Innate Abilities, Weirdness & Mutations

You are a tree.
Your roots penetrate the ground, keeping you stationary.
You cannot be teleported.
You are immune to unholy pain and torment.
Your maximum health is greatly increased.
You cannot wear most types of armour.
((You are amphibious.))
You can wear up to eight rings at the same time.
((Your skin changes colour to match your surroundings (Stealth+).))
((Your rubbery body absorbs attacks. (AC +1, EV +1)))
((You are camouflaged when in or above water. (Stealth+)))
((You have tentacles for arms and can constrict up to eight enemies at once.))


   Skills:
 - Level 1.0 Fighting
 - Level 2.0 Dodging
 + Level 6.3 Stealth
 - Level 3.0 Unarmed Combat
 - Level 3.0 Shapeshifting


You had 3 spell levels left.
You didn't know any spells.
Your spell library contained the following spells:

 Spells                   Type           Power      Damage    Failure   Level
 Apportation              Tloc           0%         N/A       32%         1
 Freeze                   Ice            0%         1d3       32%         1
 Necrotise                Necr           0%         1d4       32%         1
 Summon Small Mammal      Summ           0%         N/A       32%         1
 Frozen Ramparts          Ice            0%         1d1       69%         3
 Hailstorm                Conj/Ice       0%         3d3       69%         3

Inventory:

Talismans
 b - a beast talisman
 c - a flux talisman
Scrolls
 d - a scroll of teleportation
 g - a scroll of enchant weapon {unknown}
 h - a scroll of fog {unknown}
 j - a scroll of identify {unknown}
Potions
 a - a potion of lignification
 e - a potion of resistance {unknown}
 f - 2 potions of curing {unknown}
 i - a potion of ambrosia {unknown}

Dungeon Overview and Level Annotations

Branches:
Dungeon (3/15) Zot: 16222

Altars:

Annotations:
D:2 1 runed translucent door, Crazy Yiuf

## #.##++#######
#$...........
#$...gg...# ##'♣##
###....#
#...)..########
###)#....'.......
#...#'############
#...#†.†.†........
#####~~≈~~~~~~≈≈~≈
≈≈≈≈≈≈≈~≈≈~≈≈≈≈≈≈
~≈~~~~≈≈~≈≈~~~~~~≈


You could see 2 gnolls.


Message History

Your squeeze misses the jackal. You constrict the jackal.
The jackal completely misses you.
A jackal comes into view.
You release your grip on the jackal.
The jackal closely misses you.
You barely miss the jackal. Your grab misses the jackal.
Your squeeze misses the jackal. The jackal barely misses you.
The jackal barely misses you. 😕 HP[+1]
You bludgeon the jackal!
You kill the jackal!
The jackal bites you. 😮 HP[-3]
You take 3 damage, and now have 21/28 hp.
You are too injured to fight recklessly!
Unknown command.
You are too injured to fight recklessly!
You are too injured to fight recklessly!
You bludgeon the jackal!
You kill the jackal!
You are too injured to fight recklessly!
You tentacle-slap the jackal. Your grab misses the jackal.
The jackal closely misses you. The jackal bites you. 😮 HP[-1]
You take 1 damage, and now have 20/28 hp.
You are too injured to fight recklessly!
You barely miss the jackal. Your grab misses the jackal.
The jackal bites you. 😮 HP[-2]
You take 2 damage, and now have 18/28 hp.
You are too injured to fight recklessly!
You tentacle-slap the jackal. You grab the jackal. You constrict the jackal.
You kill the jackal!
You tentacle-slap the jackal. You grab the jackal. You constrict the jackal.
You kill the jackal!
You are too injured to fight recklessly!
Things that are here:
a jackal corpse; a jackal corpse; a jackal corpse You are too injured to fight recklessly!
There is an open door here.
You open the door.
There is an open door here.
Key pressed, stopping explore.
You open the large door. 3 gnolls come into view.
A gnoll is wielding a +0 whip.
The gnoll shouts! x3
There is a large open door here. 😎 HP[+10]
Your hp is fully restored (28).
Unknown command.
You closely miss the gnoll. You grab the gnoll.
You constrict the gnoll, but do no damage.
The gnoll closely misses you.
You tentacle-slap the gnoll but do no damage.
You squeeze the gnoll! You constrict the gnoll.
You kill the gnoll!
The gnoll throws a throwing net.
The throwing net hits you.
You become entangled in the net!
You struggle against the net.
The gnoll barely misses you.
You struggle against the net.
The gnoll hits you with a +0 whip! x2
* * * LOW HITPOINT WARNING * * *
😨 HP[-15]
You take 15 damage, and now have 13/28 hp.
MASSIVE DAMAGE!! (PAUSE) Unknown command.
You struggle against the net.
The gnoll barely misses you. The gnoll hits you with a +0 whip.
* * * LOW HITPOINT WARNING * * *
😨 HP[-2]
You take 2 damage, and now have 11/28 hp.
Unknown command.
You shred the net and break free! The gnoll hits you with a +0 whip.
* * * LOW HITPOINT WARNING * * *
The gnoll misses you. 😱 HP[-6]
You take 6 damage, and now have 5/28 hp.
MASSIVE DAMAGE!! (PAUSE)
Your transformation has ended.
You turn into a tree.
Your roots penetrate the ground.
The gnoll barely misses you. 😱 HP[+4]
You now have 42 max hp (+14).
You regained 4 hp, and now have 9/42 hp.
Unknown command.
You barely miss the gnoll.
The gnoll hits you but does no damage. x2
Unknown command.
You closely miss the gnoll. The gnoll hits you but does no damage.
The gnoll hits you with a +0 whip!
* * * LOW HITPOINT WARNING * * *
😱 HP[-7]
You take 7 damage, and now have 2/42 hp.
You barely miss the gnoll.
The gnoll hits you but does no damage. x2
You smack the gnoll!
The gnoll hits you but does no damage.
The gnoll barely misses you. 😱 HP[+1] Unknown command.
You closely miss the gnoll. Your punch misses the gnoll.
The gnoll hits you but does no damage.
You hit the gnoll. Your punch misses the gnoll.
The gnoll hits you with a +0 whip.
You die...

Skill      XL: |  1  2  3  4 |
---------------+-------------+-----
Stealth        | 2 3 5 6 |  6.3
Fighting       | |  1.0
Dodging        | |  2.0
Unarmed Combat | |  3.0
Shapeshifting  | |  3.0

Action                     |  1- 3 |  4- 6 || total
---------------------------+-------+-------++-------
  Melee: Unarmed           |    76 |    36 ||   112
         Constrict         |    15 |    10 ||    25
         Tentacles         |    10 |     6 ||    16
         Punch             |     4 |       ||     4
    Use: Scroll            |       |     1 ||     1
         Potion            |       |     1 ||     1
   Stab: Sleeping          |     6 |     2 ||     8
 Armour: Skin              |    38 |    27 ||    65
  Dodge: Dodged            |    65 |    19 ||    84

Levels and vault maps discovered:
D:1:      dpeg_arrival_windows_large_door, layout_loops_ring,
          wander_ebering_terrifying_dragon_lair
D:2:      layout_basic, grunt_ministairs_3, uniq_crazy_yiuf_cottage
D:3:      lemuel_castle_with_subvaults [lemuel_castle_interior_carwin_2],
          layout_basic

Notes
Turn   | Place    | Note
-------+----------+-------------------------------------------
     0 | D:1      | ytrimaz the Octopode Shapeshifter began the quest for the
                  | Orb.
     0 | D:1      | Reached XP level 1. HP: 13/13 MP: 1/1
     0 | D:1      | magus.rc [v1.9.6]
    71 | D:1      | Reached skill level 1 in Stealth
   214 | D:1      | Reached skill level 2 in Stealth
   221 | D:1      | Reached XP level 2. HP: 15/18 MP: 2/2
   305 | D:1      | Reached skill level 3 in Stealth
   382 | D:1      | Reached XP level 3. HP: 21/23 MP: 3/3
   558 | D:1      | Reached skill level 4 in Stealth
   590 | D:1      | You pick up a book of Cantrips and begin reading...
   590 | D:1      | You add the spells Necrotise, Summon Small Mammal and
                  | Apportation to your library.
   794 | D:2      | You pick up a book of Frost and begin reading...
   794 | D:2      | You add the spells Freeze, Frozen Ramparts and Hailstorm to
                  | your library.
   992 | D:2      | Found a runed translucent door.
   995 | D:2      | Noticed Crazy Yiuf
  1000 | D:2      | Identified the +5 hammer of the Illusory Wars {flame, Fly
                  | rPois rN+ Str-4}
  1020 | D:2      | Identified the +6 hammer of Arrival {holy, *Rage rF+ Str+4
                  | Dex+4}
  1021 | D:2      | Identified the +1 hammer of the Fool {freeze, Stlth+}
  1092 | D:2      | Reached skill level 5 in Stealth
  1265 | D:2      | Reached XP level 4. HP: 15/28 MP: 4/4
  1698 | D:3      | Reached skill level 6 in Stealth
  1776 | D:3      | HP: 5/28 [gnoll/+0 whip (6)]
  1779 | D:3      | HP: 2/42 [gnoll/+0 whip (7)]
  1783 | D:3      | Slain by a gnoll

Vanquished Creatures
  3 gnolls (D:3)
  2 adders (D:2)
  A worm (D:2)
  A dart slug (D:1)
  2 orcs (D:3)
  5 endoplasms
  A giant cockroach (D:2)
  A goblin (D:2)
  A hobgoblin (D:1)
  17 jackals
  A quokka (D:2)
  3 ball pythons
  4 bats (D:2)
  2 frilled lizards (D:1)
  5 kobolds
  5 rats
54 creatures vanquished.

Table legend:
 A = Non-vault XP
 B = Vault XP
 C = Vault XP percentage of total XP
 D = Non-vault monster count
 E = Vault monster count
 F = Vault count percentage of total count
                 A         B        C        D         E       F
            +---------+---------+-------+---------+---------+-------
      Total |      92 |      67 |  42.1 |      39 |      15 |  27.8
            +---------+---------+-------+---------+---------+-------
        D:1 |      41 |       1 |   2.4 |      23 |       1 |   4.2
        D:2 |      51 |       3 |   5.6 |      16 |       2 |  11.1
        D:3 |       0 |      63 | 100.0 |       0 |      12 | 100.0
            +---------+---------+-------+---------+---------+-------

Skill      XL: |  1  2  3  4 |
---------------+-------------+-----
Stealth        | 2 3 5 6 |  6.3
Fighting       | |  1.0
Dodging        | |  2.0
Unarmed Combat | |  3.0
Shapeshifting  | |  3.0

Action                     |  1- 3 |  4- 6 || total
---------------------------+-------+-------++-------
  Melee: Unarmed           |    76 |    36 ||   112
         Constrict         |    15 |    10 ||    25
         Tentacles         |    10 |     6 ||    16
         Punch             |     4 |       ||     4
    Use: Scroll            |       |     1 ||     1
         Potion            |       |     1 ||     1
   Stab: Sleeping          |     6 |     2 ||     8
 Armour: Skin              |    38 |    27 ||    65
  Dodge: Dodged            |    65 |    19 ||    84

Illustrated notes

Table legend:
 A = Kills in this place as a percentage of kills in the entire game.
 B = Kills by you in this place as a percentage of kills by you in the entire game.
 C = Kills by friends in this place as a percentage of kills by friends in the entire game.
 D = Other kills in this place as a percentage of other kills in the entire game.
 E = Experience gained in this place as a percentage of experience gained in the entire game.
 F = Experience gained in this place divided by the number of levels of this place that you have seen.
                   A       B       C       D       E      F
               +-------+-------+-------+-------+-------+----------------------
         Total | 100.0 | 100.0 |   N/A |   N/A | 100.0 |  53.0
       Dungeon | 100.0 | 100.0 |   N/A |   N/A | 100.0 |  53.0
               +-------+-------+-------+-------+-------+----------------------

Table legend: (Time is in decaauts)
 A = Elapsed time spent in this place.
 B = Non-inter-level travel time spent in this place.
 C = Inter-level travel time spent in this place.
 D = Time resting spent in this place.
 E = Time spent auto-exploring this place.
 F = Levels seen in this place.
 G = Mean time per level.
                   A        B        C        D        E       F      G
               +--------+--------+--------+--------+--------+-----+--------+
         Total |   1776 |   1715 |     61 |      0 |   1410 |   3 |  592.0 |
       Dungeon |   1776 |   1715 |     61 |      0 |   1410 |   3 |  592.0 |
               +--------+--------+--------+--------+--------+-----+--------+

Top non-repeatable levels by time:
     D:2: 799 daAuts
     D:1: 753 daAuts
     D:3: 224 daAuts
